 Dungeon Crawl Stone Soup version 0.31-a0-700-gf13585253f (webtiles) character file.

Game seed: 17380090975600282137

967 qw the Skirmisher (level 8, -1/49 HPs)
             Began as a Gargoyle Hunter on Sept 7, 2023.
             Slain by a hornet (10 damage)
             ... on level 6 of the Dungeon.
             The game lasted 00:01:35 (3884 turns).

qw the Skirmisher (Gargoyle Hunter)                 Turns: 3884, Time: 00:01:35

Health: -1/49      AC: 12    Str: 14 (15) XL:     8   Next: 15%
Magic:  8/8        EV: 11    Int:  8 (10) God:
Gold:   274        SH:  0    Dex: 14 (15) Spells: 7/7 levels left

rFire   . . .        Y - +0 hand cannon (freeze)
rCold   . . .        (no shield)
rNeg    + . .        f - +0 ring mail
rPois   inf          (no helmet)
rElec   +            (no cloak)
rCorr   .            m - +0 pair of gloves
SInv    .            (no boots)
Will    ++...        h - amulet of faith
Stlth   +            i - ring of willpower
HPRegen 0.28/turn    j - ring of willpower
MPRegen 0.11/turn

%: faith
@: no status effects
A: sickness immunity, AC +5, negative energy resistance 1, electricity
resistance, torment resistance 1, petrification resistance
a: no special abilities


You were on level 6 of the Dungeon.
You visited 1 branch of the dungeon, and saw 6 of its levels.

You collected 395 gold pieces.
You spent 121 gold pieces at shops.


Innate Abilities, Weirdness & Mutations

You are immune to sickness and miasma.
Your stone body is resilient. (AC +5)
You are immune to poison.
You resist negative energy. (rN+)
You are resistant to electric shocks. (rElec)
You are resistant to unholy torment.
You are immune to petrification.


   Skills:
 - Level 5.1 Fighting
 + Level 8.5 Ranged Weapons
 - Level 2.8 Armour
 - Level 1.6 Dodging
 - Level 1.1 Stealth


You had 7 spell levels left.
You didn't know any spells.
Your spell library was empty.

Inventory:

Hand Weapons
 Y - a +0 hand cannon of freezing (weapon)
Armour
 f - a +0 ring mail (worn)
 m - a +0 pair of gloves (worn)
Jewellery
 h - an amulet of faith (around neck)
 i - a ring of willpower (left hand)
 j - a ring of willpower (right hand)
 k - a +6 ring of strength
 o - the amulet of Elemental Vulnerability {rPois rF-- rC-- AC+8}
   (You found it on level 4 of the Dungeon)

   [amulet of nothing]

   AC+8:      It affects your AC (+8).
   rF--:      It makes you very vulnerable to fire.
   rC--:      It makes you very vulnerable to cold.
   rPois:     It protects you from poison
 q - an amulet of regeneration
Wands
 g - a wand of digging (4)
Scrolls
 b - 4 scrolls of teleportation
 r - a scroll of identify
Potions
 a - a potion of curing
 c - a potion of attraction {unknown}
 d - a potion of might {unknown}
 e - a potion of enlightenment
 l - a potion of invisibility {unknown}
 n - a potion of mutation {unknown}
 s - a potion of haste
 u - a potion of brilliance {unknown}

Dungeon Overview and Level Annotations

Branches:
Dungeon (6/15)
 Temple: D:4-7

Altars:
Cheibriados
Nemelex Xobeh

Shops:
D:4 ?

Annotations:
D:4 2 runed translucent doors, Crazy Yiuf; qw's ghost, amateur MiHs


Message History

An adder comes into view.
An orc comes into view. It is wielding a +0 rapier.
The scorpion stings you but does no damage.
3880 |||
Found retreat position at -4,1 (floor) with 0 blocking monsters and 3 monsters attacking at destination at distance 4
Enter note:
3880 ||| Stepping ~*~*~tactically~*~*~ (retreating). 2 orc wizards and 2 orcs come into view.
The orc shouts!
You hear a shout!
The hornet barely misses you. The scorpion attacks as it pursues you!
The scorpion stings you but does no damage.
Enter note:
3881 |||
Found retreat position at -2,3 (floor) with 0 blocking monsters and 4 monsters attacking at destination at distance 3
Enter note:
3881 ||| Stepping ~*~*~tactically~*~*~ (retreating).
An orc comes into view. It is wielding a +0 short sword.
The orc shouts!
You hear a shout!
The hornet attacks as it pursues you! The hornet misses you.
The hornet stings you.
An orc wizard comes into view. It is wielding a +0 dagger.
Enter note:
3882 |||
Found retreat position at -1,2 (floor) with 0 blocking monsters and 4 monsters attacking at destination at distance 2
3882 ||| Stepping ~*~*~tactically~*~*~ (retreating).
Found a scroll of identify.
Found a stone staircase leading down.
The orc wizard shouts!
The hornet attacks as it pursues you! The hornet stings you!
The orc wizard misses you.
An orc priest comes into view. It is wielding a +0 trident.
Enter note:
3883 ||| Stepping ~*~*~tactically~*~*~ (outnumbered).
The hornet closely misses you.
The hornet stings you but does no damage.
The orc wizard hits you but does no damage.
You shoot a bolt. The bolt barely misses the hornet.
You hear the slow rusting of a distant drain.
You hear a shout!
The scorpion stings you. The hornet stings you.
The orc wizard hits you but does no damage.
The scorpion stings you but does no damage.
The hornet stings you!
You die...

.. #.....###.#.. ..#
#......!.....
#...##...............
#...."...............
.......o....>........
......oS............
.....##...........# ..
..o.ooosy.......#.### ..
...o.o#@ยค......##.#.##..
o.o.. ###.......#....#..
>... #...####.........
... #....###......... ..
#.....#.......... ?
#................
.................
.....#............
......####.........


You could see a hornet, a scorpion, an orc priest, 3 orc wizards, an adder and 2
orcs.

Vanquished Creatures
  A steam dragon (D:5)
  2 ice beasts (D:5)
  A phantom (D:5)
  A gnoll sergeant (D:5)
  2 scorpions
  A jelly (D:4)
  3 hounds
  Ijyb (D:5)
  2 iguanas
  7 gnolls
  3 adders
  A white imp (D:6)
  An ufetubus (D:5)
  2 worms
  3 dart slugs
  3 orcs
  4 ball pythons
  6 endoplasms
  3 giant cockroaches (D:1)
  9 goblins
  5 hobgoblins
  5 jackals
  6 quokkas
  3 bats
  A frilled lizard (D:3)
  10 kobolds
  5 rats
91 creatures vanquished.

Notes
Turn   | Place    | Note
-------+----------+-------------------------------------------
     0 | D:1      | qw the Gargoyle Hunter began the quest for the Orb.
     0 | D:1      | Reached XP level 1. HP: 12/12 MP: 1/1
     0 | D:1      | 0 ||| qw: Version: 0.3-a-76-g4403597
     0 | D:1      | 0 ||| qw: Game counter: 570
     0 | D:1      | 0 ||| qw: Melee chars always use a shield: true
     0 | D:1      | 0 ||| qw: God list: Okawaru
     0 | D:1      | 0 ||| qw: Allow faded altars: false
     0 | D:1      | 0 ||| qw: Do Orc after clearing Dungeon:15 true
     0 | D:1      | 0 ||| qw: Do second Lair branch before Depths: true
     0 | D:1      | 0 ||| qw: Lair rune preference: random
     0 | D:1      | 0 ||| qw: Goals: Normal
     0 | D:1      | 0 ||| PLANNING D:1-11
   162 | D:1      | Reached XP level 2. HP: 11/17 MP: 2/2
   444 | D:1      | Reached XP level 3. HP: 21/21 MP: 3/3
   537 | D:1      | Reached skill level 5 in Ranged Weapons
   817 | D:1      | 817 ||| UPGRADING to +0 ring mail.
   827 | D:1      | 827 ||| DROPPING +0 leather armour.
   828 | D:1      | 828 ||| UPGRADING to ring of willpower.
   829 | D:1      | 829 ||| UPGRADING to ring of willpower.
   830 | D:1      | 830 ||| READING scroll labelled GIUZUA HAC BUINK.
   831 | D:1      | 831 ||| DROPPING scroll of butterflies.
  1097 | D:2      | Reached skill level 1 in Armour
  1386 | D:2      | 1386 ||| UPGRADING to amulet of guardian spirit.
  1391 | D:2      | 1391 ||| UPGRADING to amulet of faith.
  1401 | D:2      | 1401 ||| DROPPING amulet of guardian spirit.
  1402 | D:2      | 1402 ||| READING scroll labelled YCAYGU XOCHOTT.
  1421 | D:3      | Noticed a scorpion
  1423 | D:3      | 1423 ||| STAIRDANCE
  1432 | D:2      | Killed a scorpion
  1433 | D:2      | Reached skill level 3 in Fighting
  1433 | D:2      | Reached XP level 4. HP: 18/29 MP: 4/4
  1492 | D:3      | 1492 ||| STAIRDANCE
  1541 | D:3      | Reached XP level 5. HP: 33/33 MP: 5/5
  1902 | D:3      | Found a snail-covered altar of Cheibriados.
  1906 | D:3      | 1906 ||| UPGRADING to +0 pair of gloves.
  1911 | D:3      | 1911 ||| READING scroll labelled ETITILA BACEM.
  1912 | D:3      | 1912 ||| DRINKING 2 metallic ruby potions.
  1952 | D:4      | Reached skill level 6 in Ranged Weapons
  2111 | D:4      | Found the amulet of Elemental Vulnerability {rPois rF--
                  | rC-- AC+8}
  2273 | D:4      | Reached XP level 6. HP: 38/38 MP: 6/6
  2456 | D:4      | Found a runed translucent door.
  2460 | D:4      | Identified the +4 scale mail "Hudam" {rElec Str+8 Slay-2}
  2596 | D:4      | Found a runed translucent door.
  2597 | D:4      | Noticed Crazy Yiuf
  2658 | D:4      | Found Damap's Magic Scroll Emporium.
  2666 | D:4      | 2666 ||| BUYING scroll of identify (22 gold).
  2666 | D:4      | Bought a scroll of identify for 22 gold pieces
  2666 | D:4      | 2666 ||| BUYING scroll of teleportation (33 gold).
  2666 | D:4      | Bought a scroll of teleportation for 33 gold pieces
  2666 | D:4      | 2666 ||| BUYING scroll of teleportation (33 gold).
  2666 | D:4      | Bought a scroll of teleportation for 33 gold pieces
  2666 | D:4      | 2666 ||| BUYING scroll of teleportation (33 gold).
  2666 | D:4      | Bought a scroll of teleportation for 33 gold pieces
  2711 | D:4      | Noticed qw's ghost (amateur MiHs)
  2713 | D:4      | 2713 ||| READING scroll labelled BUPTOF TUOG.
  2714 | D:4      | 2714 ||| READING scroll labelled ATEKHL GOXKI.
  2714 | D:4      | Identified a scroll of acquirement
  2714 | D:4      | 2714 ||| ACQUIRING +0 hand cannon of freezing
  2714 | D:4      | Acquired a +0 hand cannon of freezing
  2716 | D:4      | 2716 ||| SWAPPING to +0 hand cannon of freezing.
  2717 | D:4      | 2717 ||| DROPPING +0 shortbow.
  2741 | D:5      | Entered Level 5 of the Dungeon
  2809 | D:5      | Noticed a steam dragon
  2812 | D:5      | 2812 ||| Stepping ~*~*~tactically~*~*~ (cloud).
  2818 | D:5      | Killed a steam dragon
  2819 | D:5      | Reached skill level 7 in Ranged Weapons
  2819 | D:5      | Reached XP level 7. HP: 28/43 MP: 7/7
  2974 | D:5      | Noticed Ijyb
  2975 | D:5      | Killed Ijyb
  2993 | D:5      | Found a sparkling altar of Nemelex Xobeh.
  3028 | D:5      | Reached skill level 8 in Ranged Weapons
  3443 | D:5      | Reached XP level 8. HP: 49/49 MP: 8/8
  3736 | D:5      | 3736 ||| READING scroll labelled BOXIOFUSUO.
  3737 | D:5      | 3737 ||| READING scroll labelled GAEKO JA IFA.
  3738 | D:5      | 3738 ||| READING scroll labelled WITACKA KUFE.
  3739 | D:5      | 3739 ||| DRINKING 2 silvery potions.
  3740 | D:5      | 3740 ||| DRINKING 2 lumpy pink potions.
  3741 | D:5      | 3741 ||| DRINKING 2 smoky ruby potions.
  3742 | D:5      | 3742 ||| DROPPING potion of degeneration.
  3780 | D:6      | 3780 ||| PLANNING SEWER
  3786 | D:6      | 3786 ||| STAIRDANCE
  3841 | D:6      | 3841 ||| STAIRDANCE
  3875 | D:6      | Noticed a hornet
  3876 | D:6      | 3876 ||| RETREATING.
  3880 | D:6      | 3880 ||| Stepping ~*~*~tactically~*~*~ (retreating).
  3881 | D:6      | 3881 ||| Stepping ~*~*~tactically~*~*~ (retreating).
  3882 | D:6      | 3882 ||| Stepping ~*~*~tactically~*~*~ (retreating).
  3883 | D:6      | 3883 ||| Stepping ~*~*~tactically~*~*~ (outnumbered).
  3884 | D:6      | HP: 11/49 [scorpion (5)]
  3884 | D:6      | Slain by a hornet

Levels and vault maps discovered:
D:1:      tarquinn_simple_flora_water_b, layout_basic, grunt_decor_mini_mirrors,
          chequers_serial_rivers_small_3
D:2:      layout_basic, kennysheep_generic_room_5
D:3:      layout_rooms, marbit_many_paths
D:4:      layout_basic, ebering_ghost_reflecting_pool, serial_shops,
          nicolae_shop_trees, uniq_crazy_yiuf_cottage
D:5:      layout_gridville, lemuel_doored_altar, kennysheep_generic_room_14,
          uniq_ijyb
D:6:      layout_cave_pools, temple_doors_cd, portal_sewer_entry_f

Skill      XL: |  1  2  3  4  5  6  7 |
---------------+----------------------+-----
Ranged Weapons | 5 6 7 8 |  8.5
Armour         | 1 2 |  2.8
Fighting       | 3 4 5 |  5.1
Dodging        | |  1.6
Stealth        | |  1.1

Action                     |  1- 3 |  4- 6 |  7- 9 || total
---------------------------+-------+-------+-------++-------
   Fire: Shortbow          |   146 |   135 |       ||   281
         Hand cannon       |       |    10 |    68 ||    78
    Use: Scroll            |     2 |     3 |     3 ||     8
         Potion            |       |     1 |     3 ||     4
 Armour: Leather armour    |    23 |       |       ||    23
         Ring mail         |    26 |    58 |    43 ||   127
  Dodge: Dodged            |    39 |    59 |    33 ||   131

Table legend:
 A = Non-vault XP
 B = Vault XP
 C = Vault XP percentage of total XP
 D = Non-vault monster count
 E = Vault monster count
 F = Vault count percentage of total count
                 A         B        C        D         E       F
            +---------+---------+-------+---------+---------+-------
      Total |    1340 |      42 |   3.0 |      88 |       3 |   3.3
            +---------+---------+-------+---------+---------+-------
        D:1 |      44 |       0 |   0.0 |      26 |       0 |   0.0
        D:2 |     103 |       0 |   0.0 |      12 |       0 |   0.0
        D:3 |      64 |       2 |   3.0 |      20 |       1 |   4.8
        D:4 |     267 |       0 |   0.0 |      13 |       0 |   0.0
        D:5 |     852 |      40 |   4.5 |      16 |       2 |  11.1
        D:6 |      10 |       0 |   0.0 |       1 |       0 |   0.0
            +---------+---------+-------+---------+---------+-------
